 Dungeon Crawl Stone Soup version 0.30-a0-1160-g6e42c06551 (webtiles) character file.

Game seed: 7114209256787907845

24116 LustLizard the Zephyrmancer (level 12, -7/70 HPs)
             Began as a Deep Elf Air Elementalist on Apr 25, 2023.
             Was a High Priest of Makhleb.
             Mangled by a culicivora (15 damage)
             ... on level 2 of the Lair of Beasts.
             The game lasted 00:42:31 (15437 turns).

LustLizard the Zephyrmancer (DEAE)                 Turns: 15437, Time: 00:42:31

Health: -7/70      AC:  8    Str:  9    XL:     12   Next: 77%
Magic:  11/37      EV: 14    Int: 28    God:    Makhleb [*****.]
Gold:   516        SH:  7    Dex: 15    Spells: 18/31 levels left

rFire   . . .        g - +4 short sword (chaos)
rCold   . . .        z - +2 buckler
rNeg    . . .        w - +0 leather armour {rPois}
rPois   +            x - +2 hat
rElec   .            v - +1 cloak
rCorr   .            (no gloves)
SInv    .            K - +0 pair of boots
Will    +....        p - amulet of magic regeneration
Stlth   +++          o - ring of magical power
HPRegen 0.31/turn    l - +6 ring of intelligence
MPRegen 0.65/turn

%: no passive effects
@: no status effects
A: no striking features
a: Renounce Religion, Minor Destruction, Lesser Servant of Makhleb, Major
Destruction, Greater Servant of Makhleb


You were on level 2 of the Lair of Beasts.
You worshipped Makhleb.
Makhleb was extremely pleased with you.
You visited 3 branches of the dungeon, and saw 15 of its levels.
You also visited: Volcano.

You collected 829 gold pieces.
You spent 313 gold pieces at shops.

Inventory:

Hand Weapons
 g - a +4 short sword of chaos (weapon)
Armour
 q - a scarf of resistance
 v - a +1 cloak (worn)
 w - a +0 leather armour of poison resistance (worn)
 x - a +2 hat (worn)
 z - a +2 buckler (worn)
 H - the +4 robe "Taetoc" {Int+5}
   (You bought it in a shop on level 11 of the Dungeon)

   Int:       It affects your intelligence (+5).
 K - a +0 pair of boots (worn)
Jewellery
 k - a ring of resist corrosion
 l - a +6 ring of intelligence (right hand)
 o - a ring of magical power (left hand)
 p - an amulet of magic regeneration (around neck)
 J - a ring of willpower
Wands
 f - a wand of light (7)
 u - a wand of iceblast (13)
 B - a wand of flame (24)
 C - a wand of mindburst (1)
 G - a wand of charming (4)
 I - a wand of digging (2)
 L - a wand of polymorph (6)
Scrolls
 d - a scroll of fear
 e - a scroll of poison
 h - 2 scrolls of magic mapping
 i - 3 scrolls of enchant weapon
 m - 2 scrolls of enchant armour
 n - a scroll of amnesia
 s - 3 scrolls of immolation
 y - 6 scrolls of teleportation
 F - a scroll of silence
 P - a scroll of blinking {unknown}
Potions
 b - 4 potions of magic
 c - 6 potions of curing
 j - 4 potions of brilliance
 t - 2 potions of flight
 A - a potion of invisibility
 D - 3 potions of cancellation
 E - a potion of resistance
 M - a potion of heal wounds
 N - 2 potions of ambrosia
 O - a potion of berserk rage
Miscellaneous
 a - a lightning rod (4/4)


   Skills:
 + Level 6.0 Fighting
 - Level 3.0 Armour
 + Level 7.0 Dodging
 - Level 6.0 Stealth
 + Level 4.3 Shields
 + Level 10.0 Spellcasting
 - Level 7.1 Conjurations
 + Level 10.3 Air Magic
 * Level 8.4 Earth Magic
 * Level 8.5 Invocations
 + Level 5.1 Evocations


You had 18 spell levels left.
You knew the following spells:

 Your Spells              Type           Power      Damage    Failure   Level
a - Shock                 Conj/Air       100%       1d9       1%          1
b - Static Discharge      Conj/Air       100%       2-7/arc   1%          2
c - Swiftness             Air            64%        N/A       1%          3
d - Airstrike             Air            32%        2d(5-21)  1%          4
e - Stone Arrow           Conj/Erth      100%       3d13      1%          3

Your spell library contained the following spells:

 Spells                   Type           Power      Damage    Failure   Level
 Sandblast                Erth           100%       2d20      1%          1
 Passwall                 Tmut/Erth      30%        N/A       2%          2
 Hailstorm                Conj/Ice       34%        3d9       5%          3
 Freeze                   Ice            56%        1d7       8%          1
 Ensorcelled Hibernation  Hex/Ice        28%        N/A       12%         2
 Sticky Flame             Conj/Fire      34%        2d5       19%         4
 Frozen Ramparts          Ice            28%        1d5       24%         3
 Ignite Poison            Fire/Tmut/Pois 14%        N/A       24%         3
 Spider Form              Tmut/Pois      14%        N/A       24%         3
 Anguish                  Hex/Necr       7%         N/A       61%         4
 Ignition                 Fire           7%         3d4       100%        8


Dungeon Overview and Level Annotations

Branches:
Dungeon (12/15)            Temple (1/1) D:4            Lair (2/5) D:8
 Shoals (0/4) Lair:2          Orc (0/2) D:11        Volcano (visited)
  Snake: Lair:2-3    Spider: Lair:2-3

Altars:
Ashenzari
Cheibriados
Dithmenos
Elyvilon
Fedhas
Gozag
Hepliaklqana
Kikubaaqudgha
Makhleb
Nemelex Xobeh
Okawaru
Qazlal
Ru
Sif Muna
Trog
Uskayaw
Vehumet
Wu Jian
Xom
Yredelemnul
Zin
The Shining One

Shops:
D:1 [   D:11 *


Message History

Okay, then.
Casting: Airstrike (dangerous; 1% risk of failure)
Confirm with . or Enter, or press ? or * to list all spells.
Okay, then.
The air twists around and strikes the culicivora!!
The culicivora is heavily wounded.
The culicivora is healed somewhat.
The culicivora bites you.
The culicivora draws strength from your injuries!
The air twists around and strikes the culicivora!
The culicivora is severely wounded.
The culicivora barely misses you.
The air twists around and strikes the culicivora!
The culicivora is almost dead.
The culicivora bites you!
The culicivora draws strength from your injuries!
The culicivora misses you. The culicivora bites you.
The culicivora draws strength from your injuries!
The air twists around and strikes the culicivora.
The culicivora is severely wounded.
The culicivora bites you!
The culicivora draws strength from your injuries!
Unknown command.
Aiming: Airstrike (dangerous; 1% risk of failure)
Press: ? - help, Q - select action, (/) - cycle Dir - move target, f/p - culicivora
Aim: a culicivora (severely wounded, empty space bonus: 2/8)
The air twists around and strikes the culicivora!
The culicivora is almost dead.
The culicivora bites you!
The culicivora draws strength from your injuries!
You block the culicivora's attack.
A redback comes into view.
The culicivora closely misses you.
The culicivora is healed somewhat.
The culicivora bites you!
* * * LOW HITPOINT WARNING * * *
The culicivora draws strength from your injuries!
As you read the scroll labelled DYFAURPH GALIETE, it crumbles to dust.
The scroll dissolves into smoke.
It was a scroll of fog.
The culicivora's wounds heal themselves!
You block the culicivora's attack. The culicivora bites you!
You die...

#.##.... ## ####.... .
#.##.. s## . ####P.
..#.# ### ### ...^#
##.#####. ###
###§..####...##.##
#####
#P###ss§...##.........
#...###..§§@s#
#...###...
##...##..§§§§# #..P#
###. #.P...#.§§###
#..## #.
##.........#### #...#
#. ###........#.##
#..P# ##
#..†...<....###..## #
##..........##....#
..# ##.....P#........#
....#................#


You could see 3 culicivoras.

Vanquished Creatures
  A two-headed ogre (D:12)
  Pikel (D:5)
  A wizard (Volcano)
  An orc knight (Volcano)
  A manticore (D:11)
  3 salamanders (Volcano)
  A cyclops (Volcano)
  A black mamba (Lair:1)
  3 molten gargoyles (Volcano)
  2 gargoyles (Volcano)
  3 cane toads
  An efreet (Volcano)
  An unseen horror (D:11)
  2 rime drakes
  3 komodo dragons
  A kobold demonologist (D:11)
  4 trolls
  4 hornets
  2 polar bears (Lair:1)
  Grinder (D:3)
  Prince Ribbit (D:7)
  6 dream sheep (Lair:2)
  6 slime creatures
  2 shadows
  A wraith (D:12)
  A wyvern (D:8)
  A vampire (D:10)
  33 yaks
  A steam dragon (D:8)
  A redback (Lair:2)
  2 basilisks
  2 vampire mosquitoes (D:12)
  3 wargs (D:11)
  5 water moccasins
  An ice beast (D:5)
  2 sky beasts
  A black bear (Lair:1)
  3 orc warriors
  4 ogres
  2 lemures (D:5)
  4 centaurs
  2 kobold brigands
  3 bullfrogs
  3 necrophages (D:4)
  2 gnoll sergeants
  A scorpion (D:6)
  2 water moccasin zombies (D:5)
  3 wights (D:6)
  3 killer bees (D:9)
  2 howler monkeys (D:8)
  An electric eel (Lair:1)
  A centaur zombie (D:4)
  A human zombie (D:4)
  5 orc priests
  2 hounds
  2 jellies (D:6)
  4 gnoll boudas
  2 sleepcaps
  8 orc wizards
  A scorpion zombie (D:4)
  8 iguanas
  7 hell rats (Lair:1)
  A killer bee zombie (D:5)
  4 hound zombies (D:4)
  Robin (D:3)
  A mummy (D:4)
  31 gnolls
  12 adders
  3 shadow imps
  A white imp (D:5)
  An ufetubus (D:4)
  3 adder zombies
  3 worms
  A dart slug (D:1)
  39 orcs
  4 ball pythons
  7 bats
  7 endoplasms
  4 giant cockroaches
  29 goblins
  10 hobgoblins
  4 jackals (D:3)
  2 quokkas (D:3)
  4 frilled lizards
  17 kobolds
  A rat (D:2)
372 creatures vanquished.

Vanquished Creatures (collateral kills)
  2 kobolds (D:7)
2 creatures vanquished.

Vanquished Creatures (others)
  A yak (Lair:1)
  14 plants
15 creatures vanquished.

Grand Total: 389 creatures vanquished

Notes
Turn   | Place    | Note
-------+----------+-------------------------------------------
     0 | D:1      | LustLizard the Deep Elf Air Elementalist began the quest
                  | for the Orb.
     0 | D:1      | Reached XP level 1. HP: 10/10 MP: 6/6
   227 | D:1      | Reached XP level 2. HP: 15/15 MP: 2/8
   300 | D:1      | Found Siughim's Armour Boutique.
   970 | D:1      | Learned a level 2 spell: Static Discharge
  1043 | D:2      | Reached XP level 3. HP: 20/20 MP: 2/9
  1186 | D:2      | Learned a level 3 spell: Swiftness
  1579 | D:2      | You fall into a shaft and drop 1 floor!
  1658 | D:3      | Reached XP level 4. HP: 24/24 MP: 6/11
  1688 | D:3      | Reached skill level 1 in Fighting
  2312 | D:3      | Noticed Grinder
  2417 | D:3      | Noticed Robin
  2430 | D:3      | Killed Robin
  2431 | D:3      | Reached XP level 5. HP: 29/29 MP: 12/12
  2759 | D:4      | Learned a level 4 spell: Airstrike
  2801 | D:4      | Found a staircase to the Ecumenical Temple.
  2806 | Temple   | Entered the Ecumenical Temple
  3004 | Temple   | Became a worshipper of Makhleb the Destroyer
  3316 | D:4      | Found a broken altar of Ashenzari.
  3674 | D:4      | Reached XP level 6. HP: 27/34 MP: 14/14
  3828 | D:4      | Reached * piety under Makhleb
  4034 | D:4      | Reached skill level 5 in Air Magic
  4071 | D:4      | Found a snail-covered altar of Cheibriados.
  4251 | D:4      | Reached skill level 1 in Armour
  4307 | D:4      | Found an ancient bone altar of Kikubaaqudgha.
  4322 | D:4      | Reached XP level 7. HP: 7/40 MP: 16/16
  4651 | D:4      | Reached skill level 5 in Spellcasting
  4723 | D:4      | Reached skill level 5 in Stealth
  4772 | D:5      | Entered Level 5 of the Dungeon
  4861 | D:5      | Reached ** piety under Makhleb
  4975 | D:5      | Reached XP level 8. HP: 30/45 MP: 15/18
  5073 | D:5      | Found a basalt altar of Yredelemnul.
  5837 | D:5      | Noticed Pikel
  5910 | D:5      | Killed Pikel
  5911 | D:5      | Reached XP level 9. HP: 52/52 MP: 18/21
  5925 | D:5      | Learned a level 3 spell: Stone Arrow
  6010 | D:6      | Reached skill level 5 in Conjurations
  6077 | D:3      | Killed Grinder
  6078 | D:3      | Reached skill level 1 in Earth Magic
  6078 | D:3      | Reached skill level 1 in Invocations
  6256 | D:6      | Reached *** piety under Makhleb
  7088 | D:7      | Noticed Prince Ribbit
  7092 | D:7      | Killed Prince Ribbit
  7310 | D:7      | Reached skill level 1 in Shields
  7762 | D:7      | Found a bloodstained altar of Trog.
  8101 | D:8      | Found a staircase to the Lair.
  8418 | D:8      | Reached XP level 10. HP: 58/58 MP: 23/23
  8866 | D:9      | Reached **** piety under Makhleb
  9822 | D:9      | Reached skill level 1 in Evocations
  9949 | D:10     | Entered Level 10 of the Dungeon
  9954 | D:10     | Found a hazy altar of Hepliaklqana.
  9963 | D:10     | Reached skill level 5 in Invocations
 10282 | D:10     | Reached skill level 5 in Earth Magic
 10605 | D:10     | Reached XP level 11. HP: 62/62 MP: 9/25
 10794 | D:10     | Found a blossoming altar of Fedhas.
 10806 | D:10     | Reached skill level 5 in Dodging
 10838 | D:10     | Found a sacrificial altar of Ru.
 10838 | D:10     | Found a glowing silver altar of Zin.
 10838 | D:10     | Found an ornate altar of the Wu Jian Council.
 10840 | D:10     | Found a radiant altar of Vehumet.
 10843 | D:10     | Found a hide-covered altar of Uskayaw.
 10957 | D:11     | Found Imevol's Assorted Antiques.
 10984 | D:11     | Bought a scroll labelled DITHAMMUST for 36 gold pieces
 10984 | D:11     | Bought a scroll labelled KAV BUTIME for 36 gold pieces
 10984 | D:11     | Bought a scroll labelled PETITE ARROIBY for 36 gold pieces
 10984 | D:11     | Bought a steaming robe for 205 gold pieces
 10984 | D:11     | Identified the +4 robe "Taetoc" {Int+5} (You bought it in a
                  | shop on level 11 of the Dungeon)
 11287 | D:11     | Reached ***** piety under Makhleb
 11300 | D:11     | Reached skill level 5 in Fighting
 11550 | D:11     | Found a staircase to the Orcish Mines.
 12067 | D:12     | Noticed a two-headed ogre
 12071 | D:12     | Killed a two-headed ogre
 12223 | D:12     | Noticed a centaur warrior
 12654 | Lair:1   | Entered Level 1 of the Lair of Beasts
 12832 | Lair:1   | Identified the +0 ring mail of Umiobol {-Tele rPois Will+
                  | Int+4}
 13004 | Lair:1   | Found a dark tunnel.
 13010 | Volcano  | Entered a volcano
 13256 | Volcano  | Reached XP level 12. HP: 63/68 MP: 14/27
 13607 | Volcano  | Noticed an orb of fire
 13652 | Volcano  | Noticed an orb of fire
 13679 | Volcano  | Reached skill level 10 in Air Magic
 15163 | Lair:2   | Found a staircase to the Shoals.
 15185 | Lair:2   | Reached skill level 5 in Evocations
 15380 | Lair:2   | Reached skill level 10 in Spellcasting
 15437 | Lair:2   | Mangled by a culicivora

Illustrated notes

Levels and vault maps discovered:
D:1:      amcnicky_arrival_flooded_fountain, layout_basic, serial_curves,
          eino_curves_02, eino_curves_04, serial_shops, nicolae_square_shop
D:2:      layout_basic
D:3:      cheibrodos_greedy_goblins, layout_basic, minmay_splitting_lines,
          uniq_grinder, uniq_robin
D:4:      minmay_angry_zag, layout_loops_corners, marbit_many_paths,
          kennysheep_mini, lemuel_mausoleum_altar_kikubaaqudgha, temple_statues
D:5:      layout_basic, nicolae_yredelemnul_corpse_copse,
          kennysheep_generic_room_12, uniq_pikel
D:6:      layout_basic
D:7:      layout_cave_pods, trog_butcher_becter, uniq_prince_ribbit1
D:8:      layout_rooms, lair_entry_dummy
D:9:      layout_basic
D:10:     layout_gridville, lemuel_round_altar, minitemple
D:11:     layout_long_grid, minmay_orc_entry_guard_dogs, serial_shops, shop
D:12:     layout_basic
Temple:   nicolae_temple_bog_church
Lair:1:   layout_regular_city, nicolae_volcano_entry_hallway,
          gammafunk_lair_bear_cave
Lair:2:   layout_layer_cave, minmay_shoals_entry_centaurs,
          nicolae_spider_entry_tight_spaces

Skill      XL: |  1  2  3  4  5  6  7  8  9 10 11 12 |
---------------+-------------------------------------+-----
Stealth        | 3 4 5 6 |  6.0
Conjurations   | 2 3 4 5 6 7 |  7.1
Fighting       | 1 2 3 4 5 6 |  6.0
Air Magic      | 4 5 6 7 8 9 10 | 10.3
Spellcasting   | 4 5 6 7 8 9 10 | 10.0
Armour         | 1 2 3 |  3.0
Earth Magic    | 3 5 6 8 |  8.4
Invocations    | 3 5 7 8 |  8.5
Dodging        | 3 4 6 7 |  7.0
Shields        | 1 2 3 4 |  4.3
Evocations     | 2 3 5 |  5.1

Action                     |  1- 3 |  4- 6 |  7- 9 | 10-12 || total
---------------------------+-------+-------+-------+-------++-------
  Melee: Short sword       |       |       |       |     1 ||     1
   Cast: Shock             |    86 |   187 |   101 |       ||   374
         Static Discharge  |     5 |     4 |     1 |       ||    10
         Airstrike         |       |     1 |   123 |   385 ||   509
         Stone Arrow       |       |       |     3 |    16 ||    19
         Swiftness         |       |       |     3 |     1 ||     4
 Invoke: Lesser Servant of |       |       |     1 |       ||     1
  Evoke: Wand              |       |       |     3 |     7 ||    10
    Use: Scroll            |       |       |     9 |    20 ||    29
         Potion            |       |       |     2 |       ||     2
 Armour: Robe              |     1 |     4 |    14 |     3 ||    22
         Leather armour    |       |       |    15 |     1 ||    16
  Dodge: Dodged            |     5 |    12 |    49 |    22 ||    88
  Block: Buckler           |       |       |       |    17 ||    17

Table legend: (Time is in decaauts)
 A = Elapsed time spent in this place.
 B = Non-inter-level travel time spent in this place.
 C = Inter-level travel time spent in this place.
 D = Time resting spent in this place.
 E = Time spent auto-exploring this place.
 F = Levels seen in this place.
 G = Mean time per level.
                   A        B        C        D        E       F      G
               +--------+--------+--------+--------+--------+-----+--------+
         Total |  15461 |  14501 |    960 |   1185 |  10282 |  16 |  966.3 |
       Dungeon |  12446 |  11534 |    912 |    757 |   8778 |  12 | 1037.2 |
        Temple |    221 |    188 |     33 |      0 |    173 |   1 |  221.0 |
          Lair |   1980 |   1965 |     15 |    231 |   1147 |   2 |  990.0 |
       Volcano |    813 |    813 |      0 |    197 |    183 |   1 |  813.0 |
               +--------+--------+--------+--------+--------+-----+--------+

Top non-repeatable levels by time:
     D:4: 1829 daAuts
     D:9: 1428 daAuts
  Lair:1: 1299 daAuts
     D:3: 1260 daAuts
     D:5: 1218 daAuts
     D:7: 1188 daAuts
    D:11: 971 daAuts
     D:6: 908 daAuts
     D:1: 888 daAuts
 Volcano: 813 daAuts
     D:2: 775 daAuts
    D:10: 733 daAuts
    D:12: 692 daAuts
  Lair:2: 680 daAuts
     D:8: 553 daAuts
